 Dungeon Crawl Stone Soup version 0.18-a0-1789-gbeff17f (webtiles) character file.

60827 ololoev the Earth Mage (level 15, -9/85 HPs)
             Began as a Gargoyle Earth Elementalist on Apr 21, 2016.
             Was a High Priest of Vehumet.
             Mangled by an ettin
             ... wielding a +0 dire flail
              (25 damage)
             ... on level 1 of the Depths.
             The game lasted 01:28:25 (21635 turns).

ololoev the Earth Mage (GrEE)                      Turns: 21635, Time: 01:28:25

Health: -9/85      AC: 19    Str: 18    XL:     15   Next: 0%
Magic:  41/41      EV:  9    Int: 23    God:    Vehumet [*****.]
Gold:   41         SH: 11    Dex: 20    Spells: 5 memorised, 28 levels left

rFire  + + .     SeeInvis .     a - +5 whip of the Sky {slash, MP+9 Dex+5}
rCold  + . .     Gourm    .     C - +1 robe {rC+}
rNeg   + . .     Faith    .     w - +2 buckler
rPois  ∞         Spirit   .     y - +0 helmet
rElec  +         Dismiss  .     x - +0 cloak {MR+}
rCorr  .         Reflect  +     c - +1 pair of gloves
SustAt .         Harm     .     (no boots)
MR     ++...                    R - +3 amulet of reflection
Stlth  ++........               U - ring of Qivy {rF+ Str+5 Int+2 Dex+5}
                                j - ring of protection from fire

@: flying, repel missiles, very resistant to hostile enchantments, unstealthy
A: big wings, negative energy resistance 1, electricity resistance, unbreathing,
petrification resistance, rot immunity, AC +11
a: Stop Flying, Renounce Religion


Innate Abilities, Weirdness & Mutations

You are resistant to torment.
Your stone body is resilient (AC +11).
You are immune to poison.
Your large and strong wings let you fly indefinitely.
You resist negative energy.
You are resistant to electric shocks.
You can survive without breathing.
You are immune to petrification.
You are immune to rotting.

Inventory:

Hand Weapons
 a - the +5 whip of the Sky (weapon) {slash, MP+9 Dex+5}
   (You found it on level 15 of the Dungeon)

   It inflicts extra damage upon your enemies.
   It affects your dexterity (+5).
   It affects your magic capacity (+9).
Missiles
 b - 67 stones (quivered)
 r - 4 throwing nets
Armour
 c - a +1 pair of gloves (worn)
 w - a +2 buckler (worn)
 x - a +0 cloak of magic resistance (worn)
 y - a +0 helmet (worn)
 z - a +0 robe of magic resistance
 C - a +1 robe of cold resistance (worn)
 Q - a troll hide
Jewellery
 j - a ring of protection from fire (left hand)
 J - an uncursed amulet of the gourmand
 R - a +3 amulet of reflection (around neck)
 T - an uncursed amulet of magic regeneration
 U - the ring of Qivy (right hand) {rF+ Str+5 Int+2 Dex+5}
   (You found it on level 15 of the Dungeon)

   [ring of dexterity]

   It affects your strength (+5).
   It affects your intelligence (+2).
   It affects your dexterity (+5).
   It protects you from fire.
Wands
 p - a wand of paralysis (13/24)
 u - a wand of disintegration (7/24)
 E - a wand of teleportation (3/9)
 K - a wand of teleportation (2/9)
 N - a wand of iceblast (6/15)
 P - a wand of acid (4/15)
Scrolls
 g - 7 scrolls of remove curse {unknown}
 h - a scroll of immolation {unknown}
 l - a scroll of amnesia
 m - 4 scrolls of recharging {unknown}
 o - 2 scrolls of enchant armour
 t - 2 scrolls of enchant weapon
 A - a scroll of blinking
 I - 3 scrolls of magic mapping {unknown}
 M - a scroll of brand weapon {unknown}
Potions
 e - 8 potions of curing
 k - a potion of haste
 n - a potion of lignification
 D - a potion of magic
 F - 2 potions of cure mutation
 H - 2 potions of brilliance
 L - a potion of invisibility
 S - a potion of berserk rage {unknown}
Miscellaneous
 f - a plain deck of summoning
Comestibles
 d - 6 bread rations
 i - 10 meat rations
 G - 7 fruits
 O - 7 slices of pizza


   Skills:
 + Level 6.7 Fighting
 + Level 6.6 Armour
 + Level 3.6 Dodging
 - Level 2.1 Stealth
 - Level 4.9 Shields
 * Level 13.6 Spellcasting
 + Level 11.6 Conjurations
 - Level 0.7 Transmutations
 * Level 17.3 Earth Magic


You had 28 spell levels left.
You knew the following spells:

 Your Spells              Type           Power        Failure   Level  Hunger
a - Sandblast             Erth           ######       0%          1    None
b - Passwall              Trmt/Erth      ######....   1%          2    None
c - Stone Arrow           Conj/Erth      ######       1%          3    None
d - Lee's Rapid Deconstr  Erth           #######...   1%          5    ###....
r - Repel Missiles        Chrm/Air       ###...       10%         2    None


You were on level 1 of the Depths.
You worshipped Vehumet.
Vehumet was extremely pleased with you.
You were not hungry.

You visited 2 branches of the dungeon, and saw 16 of its levels.

You collected 1059 gold pieces.
You spent 1018 gold pieces at shops.

....>....≈≈≈....
..........≈≈...
......##.§≈≈.#
..........≈≈.#
.#...........### #
∩..............##### ###.#.
.#...............#.##......
..........##..≈≈((.#......#
..........##...R@#.(....#
...............(C#.≈≈......
.............((....≈≈...(..
.............(≈≈.≈≈≈......#
...........(..≈≈...........
...≈.............≈.........
...≈.≈≈≈≈.((....≈≈.........
...≈.≈≈.........≈≈.........
≈.≈≈...$..............

Notes
Turn   | Place    | Note
--------------------------------------------------------------
     0 | D:1      | ololoev the Gargoyle Earth Elementalist began the quest for the Orb.
     0 | D:1      | Reached XP level 1. HP: 10/10 MP: 3/3
    99 | D:1      | Found a sparkling altar of Nemelex Xobeh.
   123 | D:1      | Reached XP level 2. HP: 15/15 MP: 1/5
   134 | D:1      | Learned a level 2 spell: Passwall
   211 | D:1      | Reached skill level 4 in Earth Magic
   672 | D:1      | Reached XP level 3. HP: 19/19 MP: 4/7
   716 | D:1      | Learned a level 3 spell: Stone Arrow
  1188 | D:2      | Reached XP level 4. HP: 24/24 MP: 5/8
  1491 | D:2      | Reached skill level 5 in Earth Magic
  2023 | D:2      | Reached XP level 5. HP: 28/28 MP: 5/10
  2052 | D:2      | Reached skill level 1 in Conjurations
  2606 | D:3      | Learned a level 5 spell: Lee's Rapid Deconstruction
  2932 | D:3      | Reached XP level 6. HP: 32/32 MP: 12/12
  3605 | D:4      | Found an oddly glowing altar of Pakellas.
  3703 | D:4      | Noticed Natasha
  3704 | D:4      | Killed Natasha
  3704 | D:4      | Reached skill level 6 in Earth Magic
  3746 | D:4      | Noticed Natasha
  3750 | D:4      | Killed Natasha
  3887 | D:4      | Noticed Natasha
  3892 | D:4      | Killed Natasha
  3895 | D:4      | Found Aduocau's Armour Boutique.
  3898 | D:4      | Bought a +0 robe of magic resistance for 92 gold pieces
  4058 | D:5      | Entered Level 5 of the Dungeon
  4155 | D:5      | Reached XP level 7. HP: 33/36 MP: 5/14
  4243 | D:5      | Found Berphe Oklo's Distillery.
  4256 | D:5      | Bought a potion of flight for 36 gold pieces
  4256 | D:5      | Bought a potion of degeneration for 12 gold pieces
  4256 | D:5      | Bought a potion of might for 48 gold pieces
  4296 | D:5      | Bought a potion of invisibility for 96 gold pieces
  4346 | D:5      | Found an ancient bone altar of Kikubaaqudgha.
  4346 | D:5      | Found a deep blue altar of Sif Muna.
  4348 | D:5      | Found a radiant altar of Vehumet.
  4354 | D:5      | Became a worshipper of Vehumet
  4359 | D:5      | Identified Vehumet's Guide on Attacks (You found it on level 5 of the Dungeon)
  4474 | D:5      | Reached skill level 5 in Spellcasting
  4474 | D:5      | Reached skill level 7 in Earth Magic
  4477 | D:5      | Noticed Eustachio
  4560 | D:5      | Killed Eustachio
  4567 | D:5      | Reached XP level 8. HP: 6/41 MP: 1/16
  5075 | D:5      | Reached skill level 8 in Earth Magic
  5102 | D:5      | Reached * piety under Vehumet
  5102 | D:5      | Offered knowledge of Sting by Vehumet.
  5334 | D:6      | Found a staircase to the Ecumenical Temple.
  5726 | D:6      | Found a basalt altar of Yredelemnul.
  5726 | D:6      | Found a sacrificial altar of Ru.
  5886 | D:6      | Reached skill level 9 in Earth Magic
  5890 | D:6      | Reached skill level 5 in Conjurations
  5890 | D:6      | Reached XP level 9. HP: 33/45 MP: 2/19
  6383 | D:7      | Reached ** piety under Vehumet
  6560 | D:7      | Offered knowledge of Shock by Vehumet.
  6621 | D:7      | crauler: нарушаем?
  6627 | D:7      | crauler: духзим?
  6627 | D:7      | ololoev: нарушаем?
  6627 | D:7      | ololoev: духз, да
  6700 | D:7      | Noticed Crazy Yiuf
  6701 | D:7      | crauler: че гурманда то снял
  6701 | D:7      | ololoev: пока нинужно
  6701 | D:7      | ololoev: жратвы полно
  6701 | D:7      | crauler: лол
  6703 | D:7      | Killed Crazy Yiuf
  6712 | D:7      | crauler: ты с этим поаккуратней
  6712 | D:7      | ololoev: нафига мне 2 телеванда, идиоты?
  6860 | D:7      | Reached skill level 10 in Earth Magic
  6981 | D:7      | crauler: чтобы на свитки речарджа не тратится
  7239 | D:8      | ololoev: жалко предыдущий ран
  7239 | D:8      | crauler: кравл он такой
  7239 | D:8      | crauler: дождался когда надежда появилась
  7239 | D:8      | ololoev: поднялся по лестнице на зачищенный уровень
  7239 | D:8      | ololoev: получил по башке дубиной от хилл гиганта
  7239 | D:8      | ololoev: попробовал убежать
  7239 | D:8      | ololoev: внезапно добила ансинка
  7239 | D:8      | ololoev: там был амулет фейта
  7239 | D:8      | ololoev: мне еще в данже айроншот дали
  7239 | D:8      | ololoev: я уже решил что халява
  7790 | D:9      | Reached XP level 10. HP: 50/50 MP: 3/22
  7832 | D:9      | Reached skill level 11 in Earth Magic
  7961 | D:9      | Offered knowledge of Ignite Poison by Vehumet.
  7970 | D:9      | Noticed a three-headed hydra
  7973 | D:9      | ololoev: черт
  7983 | D:9      | HP: 2/50 [three-headed hydra (12)]
  8242 | D:8      | ololoev: сраная гидра
  8405 | D:8      | ololoev: да емана
  8405 | D:8      | ololoev: она меня караулит
  8517 | D:9      | Reached *** piety under Vehumet
  8534 | D:9      | Noticed a hill giant
  8539 | D:9      | Killed a hill giant
  8812 | D:9      | Found a blossoming altar of Fedhas.
  8971 | D:9      | Found a snail-covered altar of Cheibriados.
  9076 | D:9      | Killed a three-headed hydra
  9076 | D:9      | Reached skill level 12 in Earth Magic
  9180 | D:9      | Found Analott's General Store.
  9186 | D:9      | Bought a scroll of blinking for 105 gold pieces
  9482 | D:10     | Entered Level 10 of the Dungeon
  9486 | D:10     | Noticed a manticore
  9486 | D:10     | Offered knowledge of Dazzling Spray by Vehumet.
  9487 | D:10     | Killed a manticore
  9487 | D:10     | Reached XP level 11. HP: 54/54 MP: 22/24
  9589 | D:10     | Noticed Fannar
  9606 | D:10     | Killed Fannar
  9606 | D:10     | Reached skill level 10 in Spellcasting
  9618 | D:10     | Reached **** piety under Vehumet
  9825 | D:10     | Offered knowledge of Venom Bolt by Vehumet.
  9931 | D:10     | Reached skill level 13 in Earth Magic
 10015 | D:10     | Found a staircase to the Orcish Mines.
 10152 | D:10     | Found a shimmering altar of Xom.
 10169 | D:10     | Found a staircase to the Lair.
 10402 | D:11     | crauler: за ХО оф Беог чтоли сыграть
 10402 | D:11     | crauler: притвориться оркопристом
 10402 | D:11     | ololoev: попробуй, орки веселые
 10402 | D:11     | crauler: ю смайт *монстер*!!
 10504 | D:11     | Noticed Grum
 10515 | D:11     | Reached ***** piety under Vehumet
 10515 | D:11     | Offered knowledge of Iskenderun's Mystic Blast by Vehumet.
 10520 | D:11     | Killed Grum
 10525 | D:11     | crauler: я всм в экстенд его хочу взять попытаться
 10681 | D:11     | crauler: там пити хватит для смайта финдов там/хеллионов?
 10689 | D:11     | ololoev: вряд ли, смайт вроде дороговат
 10808 | D:11     | Noticed M4edhros's ghost (journeyman OpNe)
 10831 | D:11     | Killed M4edhros's ghost
 11227 | D:11     | crauler: scales to 9-72 (avg 40) at 27 Invo
 11232 | D:11     | crauler: hmmm
 11235 | D:11     | crauler: doesn't seem much
 11247 | D:11     | ololoev: 3-4 смайта и ХС готов
 11304 | D:11     | Reached skill level 14 in Earth Magic
 11444 | D:11     | crauler: на хеллионов с торменторами по крайней мере хватит
 11509 | D:11     | Noticed a hill giant
 11513 | D:11     | Killed a hill giant
 11513 | D:11     | Reached XP level 12. HP: 59/59 MP: 16/27
 13102 | D:13     | Noticed a centaur warrior
 13108 | D:13     | Killed a centaur warrior
 13300 | D:13     | Reached skill level 1 in Fighting
 13300 | D:13     | Reached skill level 1 in Armour
 13445 | D:13     | Noticed a tengu reaver
 13458 | D:13     | Killed a tengu reaver
 13458 | D:13     | Reached skill level 15 in Earth Magic
 13690 | D:13     | Learned a level 2 spell: Repel Missiles
 13893 | D:13     | Noticed an iron troll
 14074 | D:5      | Bought a potion of cure mutation for 300 gold pieces
 14094 | D:4      | Bought a +1 pair of gloves for 138 gold pieces
 14286 | D:13     | Found Muolezey's Armour Emporium.
 14286 | D:13     | Noticed a catoblepas
 14300 | D:13     | Killed a catoblepas
 14300 | D:13     | Reached skill level 10 in Conjurations
 14517 | D:13     | Found a gate to the Vaults.
 14763 | D:14     | Reached XP level 13. HP: 68/68 MP: 11/29
 15984 | D:14     | Reached skill level 16 in Earth Magic
 15985 | D:14     | Offered knowledge of Freezing Cloud by Vehumet.
 16345 | D:14     | Reached skill level 1 in Shields
 16582 | D:14     | Reached skill level 5 in Fighting
 17149 | D:15     | Entered Level 15 of the Dungeon
 17214 | D:15     | crauler: https://www.youtube.com/watch?v=dv13gl0a-FA
 17219 | D:15     | Gained mutation: Your large and strong wings let you fly indefinitely. [Gargoyle growth]
 17219 | D:15     | Reached XP level 14. HP: 78/78 MP: 7/30
 17228 | D:13     | crauler: камушков не хватает смотрю
 17284 | D:13     | Bought a +0 cloak of magic resistance for 161 gold pieces
 17287 | D:13     | crauler: можно было бы стены лрд разбирать на камни
 17293 | D:13     | namelastname112: https://www.youtube.com/watch?v=XCiDuy4mrWU
 17296 | D:13     | Reached skill level 5 in Armour
 17301 | D:13     | ololoev: это был бы нетхак
 17327 | D:13     | crauler: ну девяностые то куда больше народу знает
 17337 | D:13     | crauler: или иван
 17338 | D:13     | crauler: там даже лрд не надо
 17376 | D:15     | crauler: надо просто руку из алмаза или еще чего
 17376 | D:15     | crauler: *ногу
 17387 | D:15     | crauler: и пнуть стену
 17413 | D:15     | Noticed Louise
 17439 | D:15     | namelastname112: инбифо абисс
 17440 | D:15     | namelastname112: палок нет?
 17440 | D:15     | crauler: 4% конечно
 17440 | D:15     | ololoev: лол у меня МР+++
 17440 | D:15     | crauler: врядли
 17443 | D:15     | Killed Louise
 17620 | D:15     | Found a shattered altar of Ashenzari.
 17673 | D:15     | namelastname112: https://www.youtube.com/watch?v=dQw4w9WgXcQ
 17677 | D:15     | namelastname112: нет ничего лучше
 17678 | D:15     | namelastname112: чем этот трек
 17724 | D:15     | crauler: https://www.youtube.com/watch?v=eYuUAGXN0KM
 17728 | D:15     | Offered knowledge of Spellforged Servitor by Vehumet.
 17773 | D:15     | namelastname112: эстли вообще клевый
 17839 | D:15     | namelastname112: интересно, че он думает по поводу своей популярности
 17840 | D:15     | Found a staircase to the Depths.
 17841 | D:15     | namelastname112: в инетах
 17856 | D:14     | crauler: мне вот как раз take me to your heart больше вкатывает
 18001 | D:15     | Found Ybas's Magic Scroll Emporium.
 18007 | D:15     | Bought a scroll of identify for 30 gold pieces
 18007 | D:15     | crauler: и giving up on love
 18049 | D:15     | crauler: погугли, спрашивали явно
 18056 | D:15     | crauler: вроде чет даже отвечал
 18139 | D:15     | namelastname112: бля, пиздец
 18141 | D:15     | namelastname112: баб нельзя за комп сажать
 18144 | D:15     | namelastname112: сейчас чищу вот браузер от говна
 18152 | D:15     | namelastname112: всякие блять адвары и прочий кал
 18249 | D:15     | crauler: лол, у меня друг какимто макаром подхватил на хроме адвар и вычистить не может
 18252 | D:15     | crauler: так и живет с вулкан казино
 18255 | D:15     | namelastname112: лол
 18268 | D:15     | namelastname112: пусть мбамом пройдется
 18319 | D:15     | namelastname112: и еще одной хуйне
 18336 | D:15     | namelastname112: й
 18336 | D:15     | crauler: мбам?
 18387 | D:15     | Got a scorched turquoise ring
 18388 | D:15     | namelastname112: malwarebytes
 18388 | D:15     | namelastname112: и adwcleaner пусть тоже прогонит
 18388 | D:15     | crauler: может не забуду/не лень будет, прогоню
 18388 | D:15     | namelastname112: ну и cureit сверху
 18388 | D:15     | crauler: а то столько времени прошло, привык уже
 18388 | D:15     | crauler: ему пофиг
 18388 | D:15     | namelastname112: я бы ебанулся
 18388 | D:15     | namelastname112: у меня вот браузер при запуске поиск поменял
 18388 | D:15     | namelastname112: с гугла на какой-то ебучий
 18388 | D:15     | namelastname112: и я все нахуй
 18388 | D:15     | namelastname112: чищу вилкой
 18388 | D:15     | crauler: я кстати тоже какуют хуйню ловил недавно, когда патч на сталкера искал
 18388 | D:15     | crauler: вроде убралось
 18388 | D:15     | namelastname112: лол сталкер
 18388 | D:15     | namelastname112: я помню
 18388 | D:15     | namelastname112: мне говорил мол поиграй
 18388 | D:15     | namelastname112: ну я поставил какую-то часть
 18388 | D:15     | namelastname112: вторую вроде
 18388 | D:15     | namelastname112: прошел
 18388 | D:15     | crauler: только порой стартовой страницей вылетает c:program files:google:chrome.exe
 18388 | D:15     | namelastname112: атмосферно, только стрелять неудобно
 18388 | D:15     | namelastname112: https://www.youtube.com/watch?v=mMfxI3r_LyA
 18412 | D:15     | Got a transparent whip
 18666 | D:15     | Identified the +5 whip of the Sky {slash, MP+9 Dex+5} (You found it on level 15 of the Dungeon)
 18668 | D:15     | namelastname112: ох ж этот сталкер
 18668 | D:15     | crauler: небесная плеть
 18668 | D:15     | namelastname112: https://youtu.be/oHDVn8518kg?t=1m13s
 18668 | D:15     | Identified the ring of Qivy {rF+ Str+5 Int+2 Dex+5} (You found it on level 15 of the Dungeon)
 18669 | D:15     | ololoev: норм кольцо!
 18669 | D:15     | namelastname112: норм колечко
 18669 | D:15     | ololoev: оф чеи
 18669 | D:15     | crauler: ммм
 18669 | D:15     | crauler: лемончик
 18679 | D:15     | crauler: вот это кольцо
 18679 | D:15     | namelastname112: кушай лемончик падла
 18679 | D:15     | crauler: плохо что рС на робе
 18679 | D:15     | crauler: так бы еще взял тот ринг на +6 дексы
 18679 | D:15     | ololoev: какой?
 18679 | D:15     | crauler: ring mail
 18679 | D:15     | ololoev: который за 540 то?
 18679 | D:15     | ololoev: ты забыл кто я?
 18679 | D:15     | ololoev: 11 голды
 18679 | D:15     | crauler: забыл, да
 18679 | D:15     | crauler: ну может отожмешь у кого
 18679 | D:15     | ololoev: если отожму то сначала куплю ремув курс и идент свитков
 18679 | D:15     | namelastname112: смотри от голода не помри
 18720 | Depths:1 | Entered Level 1 of the Depths
 18861 | Depths:1 | Found Qisiti's Food Shop.
 18863 | Depths:1 | ololoev: не помру)
 18863 | Depths:1 | ololoev: если деньги будут конечно
 18885 | Depths:1 | Noticed a white very ugly thing
 18891 | Depths:1 | Noticed a stone giant
 18893 | Depths:1 | ololoev: да что ж все заполонили
 19063 | Depths:1 | Killed a stone giant
 19069 | Depths:1 | Noticed a white very ugly thing
 19226 | Depths:1 | Noticed a white very ugly thing
 19236 | D:15     | namelastname112: найс тусовка
 19248 | D:15     | Killed a white very ugly thing
 19516 | D:14     | ololoev: я тебе сейчас устрою день жестянщика
 19563 | D:14     | namelastname112: https://en.wikipedia.org/wiki/Even_Hitler_Had_a_Girlfriend
 19724 | D:14     | crauler: [21:53] *sigh* this game is quite hard. imagine if it was'nt balanced
 19841 | D:15     | Killed a green very ugly thing
 19841 | D:15     | Reached skill level 17 in Earth Magic
 20232 | D:15     | crauler: фига там артхаус
 20337 | D:15     | crauler: шлюхи, жирный, концовка со смертью
 20377 | D:15     | namelastname112: >if it wasn't balanced
 20377 | D:15     | partizan: это вы про данжн кравл? =)
 20377 | D:15     | namelastname112: ммм
 20377 | D:15     | namelastname112: >if
 20377 | D:15     | namelastname112: бля
 20377 | D:15     | namelastname112: поставил черную тему на вебчат
 20377 | D:15     | namelastname112: наконец-то глаза не болят
 20872 | D:15     | HP: 4/80 [spark wasp (5)]
 20917 | D:15     | ololoev: че осы какие жесткие?
 21054 | D:15     | namelastname112: ну
 21058 | D:14     | namelastname112: ибо нехуй
 21058 | D:14     | crauler: это у тебя еше рэлек
 21058 | D:14     | namelastname112: плюс рэлек понерфили
 21058 | D:14     | namelastname112: время играть в 0.17
 21075 | D:14     | Killed a brown very ugly thing
 21471 | D:15     | ololoev: осы черти
 21517 | Depths:1 | Reached XP level 15. HP: 85/85 MP: 22/32
 21635 | Depths:1 | Mangled by an ettin

Dungeon Overview and Level Annotations

Branches:
Dungeon (15/15)            Temple (0/1) D:6            Lair (0/8) D:10
    Orc (0/2) D:10         Vaults (0/5) D:13         Depths (1/5) D:15

Altars:
Ashenzari
Cheibriados
Fedhas
Kikubaaqudgha
Nemelex Xobeh
Pakellas
Ru
Sif Muna
Vehumet
Xom
Yredelemnul

Shops:
D:4 [   D:5 !   D:9 *   D:13 [   D:15 ?   Depths:1 %


Message History

Confirm with . or Enter, or press ? or * to list all spells.
Aiming: Stone Arrow
Press: ? - help, Shift-Dir - straight line, f/p - wizard
Aim: a wizard, wielding a dagger and wearing a robe (heavily wounded)
The stone arrow hits the wizard.
The wizard is severely wounded.
Casting: Stone Arrow
Confirm with . or Enter, or press ? or * to list all spells.
Aiming: Stone Arrow
Press: ? - help, Shift-Dir - straight line, f/p - wizard
Aim: a wizard, wielding a dagger and wearing a robe (severely wounded)
The stone arrow hits the wizard.
The wizard is almost dead.
Casting: Stone Arrow
Confirm with . or Enter, or press ? or * to list all spells.
Aiming: Stone Arrow
Press: ? - help, Shift-Dir - straight line, f/p - wizard
Aim: a wizard, wielding a dagger and wearing a robe (almost dead)
The stone arrow hits the wizard.
You kill the wizard!
Vehumet accepts your kill.
You feel your power returning.
You have reached level 15!
Your experience leads to an increase in your attributes!
Your base attributes are Str 13, Int 20, Dex 10.
Increase (S)trength, (I)ntelligence, or (D)exterity?
You feel clever.
You start resting.
A rakshasa comes into view. It is wielding a long sword.
You see here a bolt.
Things that are here:
6 bolts; an arbalest
Things that are here:
a dagger; a robe; a bolt
Casting: Stone Arrow
Confirm with . or Enter, or press ? or * to list all spells.
Aiming: Lee's Rapid Deconstruction
Press: ? - help, Dir - move target cursor The wall shatters!
The blast of rock fragments hits the rakshasa.
The rakshasa is lightly wounded.
You hear two shouts!
Casting: Lee's Rapid Deconstruction
Confirm with . or Enter, or press ? or * to list all spells.
Aiming: Lee's Rapid Deconstruction
Press: ? - help, Dir - move target cursor The wall shatters!
The blast of rock fragments hits the rakshasa.
The rakshasa is heavily wounded.
The rakshasa gestures at you. The orb of energy hits you!
The orb of energy explodes!
Things that are here:
7 bolts; an uncursed arbalest An ettin comes into view.
It is wielding two dire flails.
There is a staircase back to the Dungeon here.
You see here 17 bolts.
Casting: Lee's Rapid Deconstruction
Confirm with . or Enter, or press ? or * to list all spells.
Aiming: Stone Arrow
Press: ? - help, Shift-Dir - straight line, f - rakshasa
Aim: a rakshasa, wielding a long sword and wearing a robe (heavily wounded)
The stone arrow hits the rakshasa.
The rakshasa is severely wounded.
The injured rakshasa weaves a defensive illusion!
The rakshasa blinks!
The rakshasa hits you but does no damage.
You fly upwards.
Welcome back to the Dungeon!
There is a staircase to the Depths here.
You see here a fire dragon hide.
You start resting.
HP restored.
You start resting.
Magic restored.
You fly downwards.
Welcome to the Depths!
The ettin hits you with a dire flail!! You block the ettin's attack.
The ettin barely misses you. The ettin hits you with a dire flail!
There is a staircase back to the Dungeon here.
You see here 17 bolts.
The rakshasa blinks!
The ettin hits you with a dire flail!! x2
You die...

You could see an ettin and a rakshasa.

Vanquished Creatures
  A tengu reaver (D:13)
  Louise (D:15)
  3 very ugly things
  A spark wasp (D:15)
  A fire dragon (D:15)
  A rakshasa (D:15)
  Fannar (D:10)
  3 hydras
  A catoblepas (D:13)
  A death knight (D:14)
  4 centaur warriors
  The ghost of M4edhros the Martial Artist, a journeyman OpNe of Cheibriados (D:11)
  A vampire mage (D:15)
  A tengu warrior (D:14)
  A titan zombie (D:15)
  6 skeletal warriors
  A giant orange brain (Depths:1)
  An unseen horror (D:14)
  2 wizards
  A swamp dragon (shapeshifter) (D:15)
  A hill giant (shapeshifter) (D:14)
  7 hill giants
  A necromancer (D:15)
  A wolf spider zombie (D:15)
  An orc knight (D:14)
  10 ugly things
  2 manticores
  An octopode (shapeshifter) (D:14)
  7 cyclopes
  2 centaur zombies
  2 frost giant skeletons (D:15)
  2 gargoyles
  2 komodo dragons (D:15)
  6 yaktaurs
  An efreet (D:14)
  A freezing wraith (D:14)
  A tengu conjurer (D:14)
  A two-headed ogre (D:14)
  4 trolls
  A hornet zombie (D:15)
  7 slime creatures
  2 shadows (D:14)
  An ice dragon skeleton (D:15)
  6 wyverns
  5 yaks
  Eustachio (D:5)
  2 water elementals (Depths:1)
  A vampire (D:14)
  5 wraiths
  3 basilisks
  Grum (D:11)
  A golden eye (shapeshifter) (D:14)
  A hungry ghost (D:10)
  13 vampire mosquitoes
  5 hippogriffs
  2 steam dragons
  2 wargs (D:14)
  4 mottled dragons
  2 water moccasins
  2 soldier ants
  2 hell hounds (D:10)
  3 orc warriors
  5 sky beasts
  2 black bears
  7 ice beasts
  A necrophage (D:9)
  2 phantoms
  2 wasps
  A tengu (shapeshifter) (D:15)
  5 ogres
  4 wolves (D:11)
  9 centaurs
  A boggart (D:13)
  3 big kobolds
  A gnoll sergeant (D:7)
  A giant frog (shapeshifter) (D:14)
  7 giant frogs
  7 scorpions
  2 wyvern skeletons
  4 troll zombies (D:10)
  9 wights (D:6)
  13 killer bees
  7 howler monkeys
  6 jellies
  3 giant frog zombies
  3 quasits
  10 crimson imps
  An orc priest (D:6)
  5 hounds
  Crazy Yiuf (D:7)
  3 giant frog skeletons
  9 orc wizards
  4 centaur skeletons
  3 iguanas
  Natasha (thrice) (D:4)
  12 worker ants
  2 sheep (D:9)
  A killer bee zombie (D:10)
  4 ogre zombies (D:10)
  2 hound zombies
  2 hound skeletons
  3 worker ant zombies
  15 adders
  13 gnolls
  2 shadow imps
  3 oozes
  An adder skeleton (D:7)
  8 worms
  3 dart slugs
  10 giant geckos
  52 orcs
  9 giant cockroaches
  9 goblins
  9 hobgoblins
  7 jackals
  4 kobolds
  6 quokkas
  5 bats
  5 giant newts
  2 goblin skeletons (D:10)
  A goblin zombie (D:10)
  2 hobgoblin skeletons (D:10)
  A hobgoblin zombie (D:10)
  A jackal zombie (D:7)
  7 orc skeletons (D:10)
  12 orc zombies (D:10)
  A quokka skeleton (D:5)
  16 rats
  A withered plant (D:15)
533 creatures vanquished.

Vanquished Creatures (others)
  A stone giant (Depths:1)
  A cyclops (D:15)
  A yaktaur (Depths:1)
  3 withered plants (D:15)
6 creatures vanquished.

Grand Total: 539 creatures vanquished

Action                   |  1- 3 |  4- 6 |  7- 9 | 10-12 | 13-15 || total
-------------------------+-------+-------+-------+-------+-------++-------
Melee: Unarmed           |    16 |     1 |       |       |       ||    17
       Flail             |       |   152 |   120 |    99 |       ||   371
 Cast: Sandblast         |    47 |   115 |   116 |   215 |    21 ||   514
       Lee's Rapid Decon |       |     3 |    19 |    65 |   156 ||   243
       Stone Arrow       |       |     2 |    23 |    87 |   183 ||   295
       Repel Missiles    |       |       |       |     1 |     1 ||     2
 Abil: Fly               |       |       |       |       |     1 ||     1
Evoke: Wand              |       |       |       |       |     5 ||     5
  Use: Potion            |       |       |     1 |     3 |     3 ||     7
       Scroll            |       |       |       |       |    20 ||    20
 Stab: Sleeping          |       |     2 |     1 |       |       ||     3
  Eat: Chunk             |     1 |    11 |    18 |    27 |    34 ||    91
       Beef jerky        |       |       |       |     2 |       ||     2
       Pizza             |       |       |       |     1 |     1 ||     2
       Fruit             |       |       |       |     3 |     5 ||     8
       Bread ration      |       |       |       |       |     1 ||     1
Armor: Robe              |    14 |   104 |    96 |   135 |    80 ||   429
Dodge: Dodged            |    32 |   160 |   132 |   156 |    64 ||   544
       Deflected         |       |       |       |       |     7 ||     7
Block: Other             |       |       |     9 |    31 |       ||    40
       Reflection        |       |       |     1 |     2 |    11 ||    14
       Buckler           |       |       |       |       |    54 ||    54

Vault maps used:
D:1:      mrwooster_arrival_statue_3, nemelex_deck
D:4:      lemuel_round_altar, first_bread, serial_shops, kennysheep_mini,
          kennysheep_another_room, uniq_natasha
D:5:      minmay_opposing_rooms, grunt_temple_overflow_magic_moments,
          serial_shops, shop_coins, uniq_eustachio
D:6:      gammafunk_temple_overflow_pools, minmay_temple_entry_glass
D:7:      uniq_crazy_yiuf_cottage
D:9:      cheibrodos_worm_habitat, fedhas_altar_2, serial_shops,
          nicolae_shop_trees, hangedman_ranch
D:10:     minmay_lair_entry_lava, zombieorc2_lemuel, xom_teletrap_fun,
          uniq_fannar
D:11:     uniq_grum
D:13:     david_vaults_4, serial_shops, kennysheep_little_box,
          kennysheep_just_a_vault
D:14:     minmay_box_of_statues
D:15:     gammafunk_depths_entry_grave, serial_curves, eino_curves_01,
          eino_curves_02, serial_shops, shop, ashenzari_altar_1, uniq_louise
Depths:1: minmay_tri_stars, hangedman_geh_valley, serial_shops,
          nicolae_shop_crystal, hangedman_decor_clover_reticule,
          grunt_tough_drop
